 Dungeon Crawl Stone Soup version 0.25-a0-834-g55863b0b92 (webtiles) character file.

Game seed: 3866557674163002592, levelgen mode: deterministic

30 Nixze the Chiller (level 3, -3/28 HPs)
             Began as a Draconian Ice Elementalist on Apr 23, 2020.
             Slain by Sigmund
             ... wielding a +0 scythe
              (8 damage)
             ... on level 2 of the Dungeon.
             The game lasted 00:02:15 (1060 turns).

Nixze the Chiller (Draconian Ice Elementalist)      Turns: 1060, Time: 00:02:16

Health: -3/28      AC:  5    Str: 10    XL:     3   Next: 5%
Magic:  1/6        EV: 12    Int: 16    God:
Gold:   48         SH:  0    Dex: 11    Spells: 2/6 levels left

rFire    . . .     SeeInvis .   f - +0 whip
rCold    . . .     Gourm    .   (no shield)
rNeg     . . .     Faith    .   (armour unavailable)
rPois    .         Spirit   .   (helmet restricted)
rElec    .         Reflect  .   (no cloak)
rCorr    .         Harm     +   (no gloves)
MR       .....                  (no boots)
Stlth    ++........             e - amulet of harm
HPRegen  0.09/turn              (no ring)
MPRegen  0.10/turn              (no ring)

@: no status effects
A: unfitting armour, cold-blooded, AC +5
a: no special abilities


You were on level 2 of the Dungeon.
You were hungry.

You visited 1 branch of the dungeon, and saw 2 of its levels.

You collected 48 gold pieces.

Inventory:

Hand Weapons
 f - a +0 whip (weapon)
Jewellery
 e - an amulet of harm (around neck)
Scrolls
 c - a scroll of identify {unknown}
 d - a scroll of random uselessness {unknown}
 g - a scroll of amnesia {unknown}
Comestibles
 b - 3 rations


   Skills:
 + Level 1.2 Fighting
 - Level 1.7 Dodging
 - Level 1.7 Stealth
 + Level 2.3 Spellcasting
 * Level 4.5 Ice Magic


You had 2 spell levels left.
You knew the following spells:

 Your Spells              Type           Power        Failure   Level  Hunger
a - Freeze                Ice            ###.         3%          1    #......
b - Frozen Ramparts       Ice            ###...       10%         3    ###....

Your spell library contained the following spells:

 Spells                   Type           Power        Failure   Level  Hunger
 Ozocubu's Armour         Chrm/Ice       #.......     24%         3    ###....
 Hailstorm                Conj/Ice       #.......     61%         4    #####..
 Summon Ice Beast         Ice/Summ       #.......     61%         4    #####..


Dungeon Overview and Level Annotations

Branches:
Dungeon (2/15)

Altars:

Annotations:
D:2 Sigmund


Innate Abilities, Weirdness & Mutations

Your plain brown scales are hard. (AC +5)
You cannot fit into any form of body armour.
You are cold-blooded and may be slowed by cold attacks.


Message History

The wall freezes Sigmund.
Sigmund misses you.
You barely miss Sigmund.
Sigmund is almost dead.
You closely miss Sigmund.
Sigmund is almost dead.
The frozen ramparts melt away.
Sigmund closely misses you.
You hit Sigmund.
Sigmund is almost dead.
Sigmund points at you and mumbles some strange words.
You resist with significant effort.
You barely miss Sigmund.
Sigmund is almost dead.
The adder hisses angrily.
Sigmund points at you and mumbles some strange words.
The magic dart hits you.
* * * LOW HITPOINT WARNING * * *
You hit Sigmund but do no damage.
Sigmund is almost dead.
Sigmund hits you with a +0 scythe!
You die...

.. #.#.# .##.#.#
...#.# S. ....#
....###.#.# #
..........####.#
##.....?..#
#.<.......#
#..#@##.###
........@...##
................
..............###
....).....##.<#
..............S.....#
.....................
.....##.##.....?..#
.. #...##.###


You could see Sigmund and an adder.

Vanquished Creatures
  An ooze (D:1)
  2 leopard geckos (D:1)
  A giant cockroach (D:1)
  5 goblins (D:1)
  A hobgoblin (D:1)
  5 jackals (D:1)
  A kobold (D:1)
  A bat (D:1)
  2 frilled lizards (D:1)
  2 rats (D:1)
21 creatures vanquished.

Notes
Turn   | Place    | Note
-------+----------+-------------------------------------------
     0 | D:1      | Nixze the Draconian Ice Elementalist began the quest for
                  | the Orb.
     0 | D:1      | Reached XP level 1. HP: 14/14 MP: 3/3
   202 | D:1      | Reached XP level 2. HP: 22/22 MP: 0/5
   316 | D:1      | Reached skill level 1 in Fighting
   595 | D:1      | Reached XP level 3. HP: 28/28 MP: 3/6
  1017 | D:2      | Noticed Sigmund
  1048 | D:2      | Learned a level 3 spell: Frozen Ramparts
  1060 | D:2      | Slain by Sigmund

Levels and vault maps discovered:
D:1:      psy_arrival_radial01, layout_loops_ring, chequers_avenue
D:2:      layout_basic, makhleb_altar_promises_db, uniq_sigmund

Skill      XL: |  1  2 |
---------------+-------+-----
Fighting       | 1 |  1.2
Dodging        | |  1.7
Stealth        | |  1.7
Spellcasting   | |  2.3
Ice Magic      | |  4.5

Action                   || total
-------------------------++-------
Melee: Club              ||     2
       Whip              ||     5
 Cast: Freeze            ||    33
       Frozen Ramparts   ||     1
Armor: Skin              ||     4
Dodge: Dodged            ||    15

Table legend:
 A = Non-vault XP
 B = Vault XP
 C = Vault XP percentage of total XP
 D = Non-vault monster count
 E = Vault monster count
 F = Vault count percentage of total count
                 A         B        C        D         E       F
            +---------+---------+-------+---------+---------+-------
      Total |      44 |       0 |   0.0 |      21 |       0 |   0.0
            +---------+---------+-------+---------+---------+-------
        D:1 |      44 |       0 |   0.0 |      21 |       0 |   0.0
            +---------+---------+-------+---------+---------+-------
